AoeStats
← 17_Neo_

Arena

510506209Analyzed
1v1 RM · 16h ago on Oct 1, 2026· 36m 18s· 2 players
Game mode
Random Map
Map size
Tiny (2 player)
Population
200
Speed
Normal
Resources
Standard
Victory
Conquest
Starting age
Dark Age
Ending age
Imperial Age
RankedLock teamsTeams togetherTeam positionsShared explorationLock speedFull tech treeHidden civsTurbo modeCheats
Victory
Defeat
🇨🇴 Byzantines · Colombia
1772
+11
🇷🇺 Khmer · Russia
1656
-11
SMY
11:25 Feudal Age
14:05 Castle Age
11:53 Double-Bit Axe
11:50 Horse Collar
14:09 Light Cavalry
15:11 Bow Saw
16:34 Fervor
21:36 Wheelbarrow
23:10 Hand Cart
26:41 Imperial Age
24:04 Loom
24:57 Gold Mining
24:57 Stone Mining
25:19 Heavy Plow
25:29 Scale Barding Armor
25:34 Forging
26:03 Bloodlines
25:53 Husbandry
26:54 Chain Barding Armor
26:51 Town Watch
27:09 Hussar
28:39 Gold Shaft Mining
29:38 Masonry
31:10 Architecture
31:35 Ballistics
33:34 Chemistry
34:19 Plate Barding Armor
35:00 Heavy Scorpion
17_Neo_
10:32 Feudal Age
12:15 Wheelbarrow
12:26 Double-Bit Axe
14:46 Castle Age
12:34 Horse Collar
15:58 Bow Saw
23:32 Heavy Plow
24:18 Gold Mining
27:06 Imperial Age
24:30 Stone Mining
25:46 Squires
25:07 Pikeman
26:18 Scale Mail Armor
26:29 Forging
26:55 Loom
28:47 Chemistry
28:32 Chain Mail Armor
28:52 Iron Casting
31:01 Halberdier
31:44 Fletching
33:03 Plate Mail Armor
33:27 Hand Cart
33:38 Bodkin Arrow
34:08 Padded Archer Armor
34:32 Arson
36:05 Bracer
36:20 Leather Archer Armor
Connection lost

Rejoining the realm…

Still unreachable

The connection could not be restored.

Session expired

The server has moved on; the page needs a fresh start.